 Dungeon Crawl Stone Soup version 0.30-a0-385-gfebfb9b408 (webtiles) character file.

Game seed: 12481226816700171169

15 p00ps00p the Trooper (level 2, -1/27 HPs)
             Began as a Hill Orc Fighter on Dec 3, 2022.
             Slain by Terence
             ... wielding a +0 hand axe of freezing
              (2 damage)
             ... on level 2 of the Dungeon.
             The game lasted 00:01:28 (827 turns).

p00ps00p the Trooper (Hill Orc Fighter)              Turns: 827, Time: 00:01:29

Health: -1/27      AC:  8    Str: 18    XL:     2   Next: 50%
Magic:  2/2        EV:  9    Int:  8    God:
Gold:   28         SH:  4    Dex: 10    Spells: 1/1 levels left

rFire   . . .      SeeInvis .    a - +0 war axe
rCold   . . .      Faith    .    c - +0 buckler
rNeg    . . .      Spirit   .    b - +0 scale mail
rPois   .          Reflect  .    (no helmet)
rElec   .          Harm     .    f - +0 cloak
rCorr   .          Rampage  .    (no gloves)
Will    .....                    (no boots)
Stlth   ..........               (no amulet)
HPRegen 0.24/turn                (no ring)
MPRegen 0.08/turn                (no ring)

@: mighty
A: no striking features
a: no special abilities


You were on level 2 of the Dungeon.
You visited 1 branch of the dungeon, and saw 2 of its levels.

You collected 28 gold pieces.

Inventory:

Hand Weapons
 a - a +0 war axe (weapon)
Armour
 b - a +0 scale mail (worn)
 c - a +0 buckler (worn)
 f - a +0 cloak (worn)
Scrolls
 e - a scroll of blinking {unknown}
 g - 7 scrolls of identify {unknown}
 h - 2 scrolls of amnesia {unknown}
 k - a scroll of magic mapping {unknown}
Potions
 d - a potion of might
 i - a potion of mutation {unknown}
 j - a potion of attraction {unknown}
 l - a potion of curing {unknown}


   Skills:
 + Level 3.9 Fighting
 + Level 3.1 Axes
 + Level 3.5 Armour
 + Level 3.5 Shields


You had one spell level left.
You didn't know any spells.
Your spell library contained the following spells:

 Spells                   Type           Power      Damage    Failure   Level
 Ozocubu's Armour         Ice            0%         N/A       99%         3
 Ozocubu's Refrigeration  Ice            0%         4d7       100%        7


Dungeon Overview and Level Annotations

Branches:
Dungeon (2/15)

Altars:

Annotations:
D:2 Terence


Message History

Where to? (? - help)
There is a stone staircase leading down here.
You climb downwards.
Terence shouts!
You hear a bark!
There is a stone staircase leading up here.
Terence is nearby!
Terence screams, "I want your blood!" Terence says, "Did you write a will?
You should..."
Terence zaps a wand.
The puff of flame hits you!
You barely miss Terence.
Terence zaps a wand.
The puff of flame hits you.
You hit Terence.
Terence is lightly wounded.
Terence hits you but does no damage.
You hit Terence but do no damage.
Terence is lightly wounded.
You block Terence's attack. Terence barely misses you.
You hit Terence but do no damage.
Terence is lightly wounded.
Terence hits you but does no damage.
You hit Terence.
Terence is moderately wounded.
You block Terence's attack.
Terence hits you with a +0 hand axe of freezing.
Terence freezes you.
You hit Terence.
Terence is moderately wounded.
Terence hits you with a +0 hand axe of freezing.
Terence freezes you.
You hit Terence but do no damage.
Terence is moderately wounded.
Terence zaps a wand.
The puff of flame hits you!
* * * LOW HITPOINT WARNING * * *
You feel very mighty all of a sudden. Terence closely misses you.
You barely miss Terence.
Terence is moderately wounded.
Terence zaps a wand.
The puff of flame hits you.
* * * LOW HITPOINT WARNING * * *
Terence hits you with a +0 hand axe of freezing.
You die...

##.# #... #..#
###..## .....#
#.#####...#
........<.#####
................
#######@#.######
#@#.# #.#.#
#.#.. ....#
###.#


You could see Terence.

Vanquished Creatures
  A dart slug (D:1)
  5 hobgoblins (D:1)
  A quokka (D:1)
  2 ball pythons (D:1)
  2 bats (D:1)
  A goblin (D:1)
  A rat (D:1)
13 creatures vanquished.

Notes
Turn   | Place    | Note
-------+----------+-------------------------------------------
     0 | D:1      | p00ps00p the Hill Orc Fighter began the quest for the Orb.
     0 | D:1      | Reached XP level 1. HP: 19/19 MP: 1/1
   417 | D:1      | Reached XP level 2. HP: 27/27 MP: 2/2
   815 | D:2      | Noticed Terence
   827 | D:2      | HP: 1/27 [Terence/puff of flame (5)]
   827 | D:2      | Slain by Terence

Illustrated notes

Levels and vault maps discovered:
D:1:      dpeg_arrival_three_same_balls, layout_loops_corners, moated_statue
D:2:      layout_basic, serial_shops, nicolae_shop_waterfront, shop,
          nicolae_shop_bloodbath_and_beyond, kennysheep_small_spiral,
          minmay_door_square, kennysheep_generic_room_10, uniq_terence,
          uniq_natasha

Skill      XL: |  1  2 |
---------------+-------+-----
Axes           | 3 |  3.1
Fighting       | |  3.9
Armour         | |  3.5
Shields        | |  3.5

Action                   || total
-------------------------++-------
Melee: War axe           ||    33
  Use: Potion            ||     1
Armor: Scale mail        ||     9
Dodge: Dodged            ||    16
Block: Buckler           ||     7

Table legend: (Time is in decaauts)
 A = Elapsed time spent in this place.
 B = Non-inter-level travel time spent in this place.
 C = Inter-level travel time spent in this place.
 D = Time resting spent in this place.
 E = Time spent auto-exploring this place.
 F = Levels seen in this place.
 G = Mean time per level.
                   A        B        C        D        E       F      G
               +--------+--------+--------+--------+--------+-----+--------+
         Total |    839 |    826 |     13 |      0 |    684 |   2 |  419.5 |
       Dungeon |    839 |    826 |     13 |      0 |    684 |   2 |  419.5 |
               +--------+--------+--------+--------+--------+-----+--------+

Top non-repeatable levels by time:
     D:1: 825 daAuts
     D:2: 14 daAuts
